 Seeded DCSS version 0.30-a0-242-g7bf8e6d787 (webtiles) character file.

Game seed: 6617275544464515907 (custom seed)

51 Iusername the Trooper (level 3, 33/33 HPs)
             Began as a Minotaur Fighter on Oct 11, 2022.
             Quit the game on level 2 of the Dungeon.
             The game lasted 00:02:18 (1008 turns).

Iusername the Trooper (Minotaur Fighter)            Turns: 1008, Time: 00:02:19

Health: 33/33      AC:  7    Str: 22    XL:     3   Next: 58%
Magic:  2/2        EV:  9    Int:  5    God:
Gold:   73         SH:  4    Dex:  9    Spells: 2/2 levels left

rFire   . . .      SeeInvis .    a - +0 trident
rCold   . . .      Faith    .    c - +0 buckler
rNeg    . . .      Spirit   .    b - +0 scale mail
rPois   .          Reflect  .    (helmet restricted)
rElec   .          Harm     .    (no cloak)
rCorr   .          Rampage  .    (no gloves)
Will    .....                    (no boots)
Stlth   ..........               (no amulet)
HPRegen 0.25/turn                (no ring)
MPRegen 0.08/turn                (no ring)

@: no status effects
A: horns 2, retaliatory headbutt
a: no special abilities


You were on level 2 of the Dungeon.
You visited 1 branch of the dungeon, and saw 2 of its levels.

You collected 73 gold pieces.

Inventory:

Hand Weapons
 a - a +0 trident (weapon)
Armour
 b - a +0 scale mail (worn)
 c - a +0 buckler (worn)
Jewellery
 g - an amulet of regeneration
 h - a +4 ring of protection
 i - a ring of ice
 n - a ring of flight
 p - an amulet of the acrobat
Scrolls
 e - a scroll of teleportation {unknown}
 f - 3 scrolls of identify {unknown}
 k - a scroll of fear {unknown}
 l - a scroll of noise {unknown}
Potions
 d - a potion of might
 j - a potion of heal wounds {unknown}
 m - a potion of flight {unknown}
 o - 5 potions of curing {unknown}


   Skills:
 + Level 4.2 Fighting
 + Level 3.2 Polearms
 + Level 4.2 Armour
 + Level 4.2 Shields


You had 2 spell levels left.
You didn't know any spells.
Your spell library contained the following spells:

 Spells                   Type           Power      Damage    Failure   Level
 Blink                    Tloc           0%         N/A       95%         2
 Momentum Strike          Conj/Tloc      0%         3d8       95%         2
 Lesser Beckoning         Tloc           0%         N/A       99%         3


Dungeon Overview and Level Annotations

Branches:
Dungeon (2/15)

Altars:


Innate Abilities, Weirdness & Mutations

You have a pair of horns on your head.
You reflexively headbutt those who attack you in melee.


Message History

f - 3 scrolls labelled HEHUXK LOGUE (gained 1)
Things that are here:
a +0 dagger; 3 stones A giant cockroach comes into view.
You see here a sedimented pink potion.
A giant cockroach is nearby!
A giant cockroach is nearby!
You reach to attack!
You barely miss the giant cockroach. The giant cockroach closely misses you.
A giant cockroach is nearby!
You barely miss the giant cockroach.
Your headbutt misses the giant cockroach.
The giant cockroach closely misses you. You furiously retaliate!
You headbutt the giant cockroach.
A giant cockroach is nearby!
You hit the giant cockroach.
You kill the giant cockroach!
o - 5 sedimented pink potions (gained 1)
A bat comes into view.
A bat is nearby!
A bat is nearby!
A bat is nearby!
You reach to attack!
You closely miss the bat. The bat closely misses you.
The bat hits you but does no damage. x2
A bat is nearby!
You barely miss the bat. The bat misses you. You furiously retaliate!
You headbutt the bat!
You kill the bat!
A giant cockroach comes into view.
Found a stone staircase leading down.
A giant cockroach is nearby!
A giant cockroach is nearby!
You reach to attack!
You closely miss the giant cockroach.
The giant cockroach bites you but does no damage.
A giant cockroach is nearby!
A giant cockroach is nearby!
You hit the giant cockroach but do no damage.
You headbutt the giant cockroach.
You kill the giant cockroach!
Are you sure you want to abandon this character and quit the game? (Confirm with "yes".)

#.# #.#
#.##
#.#####
#..#
#....†
##.#
#.##..#
#.# ....
#.# ####
#.######.
#@....>..
##.######
.# .# .#
.# .# .#


There were no monsters in sight!

Vanquished Creatures
  An adder (D:2)
  A dart slug (D:2)
  3 bats
  3 endoplasms (D:1)
  4 giant cockroaches
  5 goblins
  6 hobgoblins
  3 kobolds
  A quokka (D:1)
  3 ball pythons
  2 frilled lizards (D:1)
  4 rats
36 creatures vanquished.

Notes
Turn   | Place    | Note
-------+----------+-------------------------------------------
     0 | D:1      | Iusername the Minotaur Fighter began the quest for the Orb.
     0 | D:1      | Reached XP level 1. HP: 19/19 MP: 0/0
   145 | D:1      | Reached XP level 2. HP: 27/27 MP: 1/1
   368 | D:1      | Found a faded altar of an unknown god.
   714 | D:2      | Reached XP level 3. HP: 33/33 MP: 2/2
  1008 | D:2      | Quit the game

Illustrated notes

Levels and vault maps discovered:
D:1:      eino_arrival_tree_alley, layout_loops_ring,
          hellmonk_ecumenical_altar_crossroads
D:2:      minmay_diamond_boxcup, layout_loops_ring, uniq_crazy_yiuf_cottage

Skill      XL: |  1  2 |
---------------+-------+-----
Shields        | 4 |  4.2
Fighting       | 4 |  4.2
Armour         | 4 |  4.2
Polearms       | 3 |  3.2

Action                   || total
-------------------------++-------
Melee: Trident           ||    74
       Headbutt          ||     6
Armor: Scale mail        ||    15
Dodge: Dodged            ||    21
Block: Buckler           ||     7

Table legend: (Time is in decaauts)
 A = Elapsed time spent in this place.
 B = Non-inter-level travel time spent in this place.
 C = Inter-level travel time spent in this place.
 D = Time resting spent in this place.
 E = Time spent auto-exploring this place.
 F = Levels seen in this place.
 G = Mean time per level.
                   A        B        C        D        E       F      G
               +--------+--------+--------+--------+--------+-----+--------+
         Total |   1023 |    993 |     30 |      0 |    797 |   2 |  511.5 |
       Dungeon |   1023 |    993 |     30 |      0 |    797 |   2 |  511.5 |
               +--------+--------+--------+--------+--------+-----+--------+

Top non-repeatable levels by time:
     D:1: 720 daAuts
     D:2: 302 daAuts
